 Dungeon Crawl Stone Soup version 0.23-b1-59-g586d0d887c (webtiles) character file.

Game seed: 5239770905572259434

3572 Redwan the Carver (level 9, -18/80 HPs)
             Began as a Minotaur Fighter on Feb 4, 2019.
             Was a Follower of the Shining One.
             Killed by the air
             ... invoked by Gastronok
              (31 damage)
             ... on level 8 of the Dungeon.
             The game lasted 00:15:28 (5445 turns).

Redwan the Carver (Minotaur Fighter)                Turns: 5445, Time: 00:15:30

Health: -18/80     AC: 21    Str: 24    XL:     9   Next: 84%
Magic:  8/8        EV:  7    Int:  5    God:    the Shining One [*.....]
Gold:   147        SH: 11    Dex: 10    Spells: 8/8 levels left

rFire    . . .     SeeInvis .   C - +4 scimitar (freeze) (curse)
rCold    . . .     Gourm    .   v - +0 shield "Remisch" {rPois}
rNeg     . . .     Faith    .   z - +3 plate armour
rPois    +         Spirit   .   (helmet restricted)
rElec    .         Reflect  .   u - +1 cloak
rCorr    .         Harm     .   j - +0 pair of gloves
MR       .....                  q - +0 pair of boots
Stlth    ..........             (no amulet)
HPRegen  0.23/turn              o - ring of flight
MPRegen  0.11/turn              a - ring of wizardry

@: glowing
A: retaliatory headbutt, horns 2
a: Renounce Religion, Evoke Flight


You were on level 8 of the Dungeon.
You worshipped the Shining One.
The Shining One was aware of your devotion.
You were not hungry.

You visited 1 branch of the dungeon, and saw 8 of its levels.

You collected 479 gold pieces.
You spent 332 gold pieces at shops.

Inventory:

Hand Weapons
 c - a +3 long sword of freezing
 C - a cursed +4 scimitar of freezing (weapon)
 D - a +1 falchion of protection
Armour
 j - a +0 pair of gloves (worn)
 q - a +0 pair of boots (worn)
 u - a +1 cloak (worn)
 v - the +0 shield "Remisch" (worn) {rPois}
   (You bought it in a shop on level 7 of the Dungeon)

   It protects you from poison.
 z - a +3 plate armour (worn)
Jewellery
 a - a ring of wizardry (right hand)
 o - a ring of flight (left hand)
Wands
 w - a wand of polymorph (4)
 A - a wand of iceblast (7)
 B - a wand of paralysis (8)
Scrolls
 h - 4 scrolls of teleportation
 n - a scroll of random uselessness {unknown}
 p - a scroll of magic mapping
 t - 2 scrolls of remove curse {unknown}
 y - 2 scrolls of fog
Potions
 b - 2 potions of degeneration {unknown}
 d - a potion of might
 e - 2 potions of cancellation {unknown}
 g - a potion of lignification {unknown}
 i - 2 potions of haste {unknown}
 k - a potion of magic {unknown}
 l - 4 potions of curing {unknown}
 m - a potion of agility {unknown}
 s - a potion of mutation {unknown}
 x - a potion of heal wounds {unknown}
Comestibles
 f - 9 rations


   Skills:
 + Level 7.7 Fighting
 + Level 10.7 Long Blades
 + Level 8.2 Armour
 + Level 3.0 Dodging
 + Level 8.8 Shields


You had 8 spell levels left.
You didn't know any spells.
Your spell library was empty.

Dungeon Overview and Level Annotations

Branches:
Dungeon (8/15)             Temple (0/1) D:7
   Lair: D:8-11

Altars:
Ashenzari
Dithmenos
Kikubaaqudgha
Nemelex Xobeh
Okawaru
Wu Jian
The Shining One

Shops:
D:7 [

Annotations:
D:8 Gastronok


Innate Abilities, Weirdness & Mutations

You reflexively headbutt those who attack you in melee.
You have a pair of horns on your head.


Message History

* * * LOW HITPOINT WARNING * * *
You are too injured to fight recklessly!
You slash Gastronok! You freeze Gastronok. You headbutt Gastronok!
Gastronok is moderately wounded.
You slash Gastronok! You freeze Gastronok.
Gastronok is heavily wounded.
Gastronok waves his eye-stalks in wide circles.
The air twists around and strikes you!
* * * LOW HITPOINT WARNING * * *
You slash Gastronok! You freeze Gastronok.
Gastronok is heavily wounded.
You hit Gastronok. You freeze Gastronok. You headbutt Gastronok.
Gastronok is severely wounded.
You slash Gastronok! You freeze Gastronok. You headbutt Gastronok!
Gastronok is severely wounded.
You feel sick.
You are no longer poisoned.
Gastronok waves his eye-stalks in wide circles.
The air twists around and strikes you!
You die...

#.##........
##..#........
............ ...........
##..........
#.............
##................
..##.w@†......?......
........?............#.#
##...................#..
#..........#.##.....#..
..............#.........
#%......(...............
##.....................#
.....###...........†..#
.........#...........##


You could see Gastronok.

Vanquished Creatures
  Grinder (D:6)
  2 hippogriffs
  Edmund (D:6)
  An orc warrior (D:8)
  2 sky beasts
  2 ice beasts
  5 ogres
  4 phantoms
  A black bear (D:6)
  A centaur (D:5)
  3 bullfrogs
  2 water moccasin skeletons
  4 wights (D:6)
  A howler monkey (D:6)
  2 crimson imps
  4 hounds
  Crazy Yiuf (D:5)
  2 orc priests
  A jelly (D:8)
  A centaur skeleton (D:4)
  Jessica (D:2)
  2 bullfrog skeletons
  An iguana (D:6)
  4 worker ants
  4 orc wizards
  A killer bee zombie (D:6)
  8 gnolls
  8 adders
  2 shadow imps
  An ooze (D:1)
  A worm (D:5)
  2 dart slugs
  3 leopard geckos
  22 orcs
  3 ball pythons
  5 bats
  4 giant cockroaches
  9 goblins
  13 hobgoblins
  4 jackals (D:6)
  7 frilled lizards
  A goblin zombie (D:6)
  A jackal zombie (D:5)
  11 kobolds
  A leopard gecko skeleton (D:8)
  A quokka skeleton (D:7)
  A quokka zombie (D:7)
  7 rats
  A rat zombie (D:6)
170 creatures vanquished.

Vanquished Creatures (others)
  Blork the orc (D:5)
1 creature vanquished.

Grand Total: 171 creatures vanquished

Notes
Turn   | Place    | Note
-------+----------+-------------------------------------------
     0 | D:1      | Redwan the Minotaur Fighter began the quest for the Orb.
     0 | D:1      | Reached XP level 1. HP: 19/19 MP: 0/0
   166 | D:1      | Reached XP level 2. HP: 21/27 MP: 1/1
   332 | D:1      | Found a shattered altar of Ashenzari.
   506 | D:1      | Reached XP level 3. HP: 31/33 MP: 2/2
   820 | D:2      | Noticed Jessica
   828 | D:2      | Killed Jessica
   828 | D:2      | Reached skill level 3 in Long Blades
   841 | D:2      | Reached XP level 4. HP: 31/41 MP: 3/3
  1368 | D:3      | Reached XP level 5. HP: 28/47 MP: 4/4
  1608 | D:3      | Reached skill level 1 in Dodging
  1825 | D:4      | Reached skill level 4 in Long Blades
  1886 | D:4      | Reached skill level 5 in Fighting
  1886 | D:4      | Reached XP level 6. HP: 43/56 MP: 5/5
  1995 | D:4      | Reached skill level 5 in Long Blades
  1995 | D:4      | Reached skill level 5 in Armour
  1995 | D:4      | Reached skill level 5 in Shields
  2480 | D:5      | Entered Level 5 of the Dungeon
  2582 | D:5      | Noticed a hippogriff
  2597 | D:5      | Killed a hippogriff
  2597 | D:5      | Reached XP level 7. HP: 12/61 MP: 6/6
  2694 | D:5      | Noticed Blork the orc
  2702 | D:5      | Killed Blork the orc
  2712 | D:6      | Reached skill level 6 in Long Blades
  2901 | D:6      | Reached XP level 8. HP: 18/70 MP: 7/7
  2951 | D:6      | Reached skill level 7 in Long Blades
  3729 | D:5      | Reached skill level 8 in Long Blades
  3738 | D:5      | Found a runed translucent door.
  3739 | D:5      | Noticed Crazy Yiuf
  3945 | D:5      | Killed Crazy Yiuf
  4126 | D:6      | Reached XP level 9. HP: 64/78 MP: 8/8
  4188 | D:6      | Noticed Grinder
  4197 | D:6      | Paralysed by Grinder for 5 turns
  4202 | D:6      | Killed Grinder
  4202 | D:6      | Reached skill level 9 in Long Blades
  4238 | D:6      | Noticed Edmund
  4252 | D:6      | Killed Edmund
  4495 | D:6      | Found an ancient bone altar of Kikubaaqudgha.
  4495 | D:6      | Found a glowing golden altar of the Shining One.
  4495 | D:6      | Found an ornate altar of the Wu Jian Council.
  4496 | D:6      | Found a shadowy altar of Dithmenos.
  4499 | D:6      | Found an iron altar of Okawaru.
  4505 | D:6      | Became a worshipper of the Shining One
  4821 | D:7      | Found a sparkling altar of Nemelex Xobeh.
  4861 | D:7      | Found a staircase to the Ecumenical Temple.
  5143 | D:7      | Found Igyta's Antique Armour Shop.
  5177 | D:7      | Bought a shimmering shield for 332 gold pieces
  5187 | D:7      | Identified the +0 shield "Remisch" {rPois} (You bought it
                  | in a shop on level 7 of the Dungeon)
  5190 | D:7      | Reached skill level 10 in Long Blades
  5425 | D:8      | Reached * piety under the Shining One
  5426 | D:8      | Noticed Gastronok
  5445 | D:8      | Killed from afar by Gastronok

Skill      XL: |  1  2  3  4  5  6  7  8  9 |
---------------+----------------------------+-----
Armour         | 4 5 6 7 8 |  8.2
Fighting       | 4 5 6 7 |  7.7
Shields        | 4 5 6 7 8 |  8.8
Long Blades    | 3 4 5 6 8 10 | 10.7
Dodging        | 1 2 3 |  3.0

Action                   |  1- 3 |  4- 6 |  7- 9 || total
-------------------------+-------+-------+-------++-------
Melee: Long sword        |    67 |   186 |   145 ||   398
       Headbutt          |     7 |    35 |    55 ||    97
       Scimitar          |       |       |   154 ||   154
  Use: Scroll            |       |       |    10 ||    10
  Eat: Chunk             |       |     4 |    11 ||    15
Armor: Scale mail        |    27 |       |       ||    27
       Chain mail        |     1 |   159 |    34 ||   194
       Plate armour      |       |       |    82 ||    82
Dodge: Dodged            |    17 |    61 |    56 ||   134
Block: Shield            |    36 |   125 |   137 ||   298
       Rpst.: Long sword |     4 |    17 |     9 ||    30
       Scimitar          |       |       |     3 ||     3
